 Dungeon Crawl Stone Soup version 0.27.1-34-g3ba077fa99 (webtiles) character file.

Game seed: 12187923105244644857

40 chmiii the Poker (level 3, -5/28 HPs)
             Began as a Merfolk Gladiator on Jan 23, 2022.
             Slain by a scorpion (6 damage)
             ... on level 2 of the Dungeon.
             The game lasted 00:04:23 (758 turns).

chmiii the Poker (Merfolk Gladiator)                 Turns: 758, Time: 00:04:24

Health: -5/28      AC:  4    Str: 15    XL:     3   Next: 50%
Magic:  3/3        EV: 13    Int:  7    God:
Gold:   51         SH:  0    Dex: 15    Spells: 2/2 levels left

rFire    . . .     SeeInvis .   a - +0 trident
rCold    . . .     Faith    .   (no shield)
rNeg     . . .     Spirit   .   e - +0 leather armour
rPois    .         Reflect  .   c - +0 helmet
rElec    .         Harm     .   (no cloak)
rCorr    .         Rampage  .   (no gloves)
Will     .....                  (no boots)
Stlth    +.........             (no amulet)
HPRegen  0.09/turn              (no ring)
MPRegen  0.08/turn              (no ring)

@: lethally poisoned (-5 -> -16)
A: (nimble swimmer 2), mertail
a: no special abilities


You were on level 2 of the Dungeon.
You visited 1 branch of the dungeon, and saw 2 of its levels.

You collected 51 gold pieces.

Inventory:

Hand Weapons
 a - a +0 trident (weapon)
 b - a +0 hunting sling
Missiles
 d - a throwing net (quivered)
 f - 55 stones
Armour
 c - a +0 helmet (worn)
 e - a +0 leather armour (worn)
 k - a +0 robe
Scrolls
 h - a scroll of magic mapping {unknown}
 j - a scroll of immolation {unknown}
Potions
 g - 2 potions of berserk rage {unknown}
 i - a potion of curing {unknown}
 l - a potion of heal wounds {unknown}


   Skills:
 + Level 2.8 Fighting
 * Level 5.5 Polearms
 - Level 2.0 Throwing
 + Level 4.5 Dodging


You had 2 spell levels left.
You didn't know any spells.
Your spell library was empty.

Dungeon Overview and Level Annotations

Branches:
Dungeon (2/15)

Altars:


Innate Abilities, Weirdness & Mutations

((You are quick and stealthy near water. (Stealth+, EV+, Speed+++)))
Your lower body shifts to a powerful aquatic tail in water.


Message History

Fire: 57 stones
Press: ? - help, Q - select action, (/) - cycle Shift-Dir - straight line, f/p - scorpion
Aim: a scorpion (lightly wounded, 59% to hit)
You shoot a stone. The stone closely misses the scorpion.
Fire: 56 stones
Press: ? - help, Q - select action, (/) - cycle Shift-Dir - straight line, f/p - scorpion
Aim: a scorpion (lightly wounded, 59% to hit)
You shoot a stone. The stone closely misses the scorpion.
a - a +0 trident (weapon)
You closely miss the scorpion.
The scorpion is lightly wounded.
The scorpion misses you. The scorpion stings you.
You barely miss the scorpion.
The scorpion is lightly wounded.
The scorpion stings you.
You are poisoned.
The scorpion poisons you!
Throw: 3 throwing nets
Press: ? - help, Q - select action, (/) - cycle Shift-Dir - straight line, f/p - scorpion
Aim: a scorpion (lightly wounded, 60% to hit)
You throw a throwing net.
The throwing net completely misses the scorpion.
You feel very sick.
The scorpion stings you but does no damage.
Throw: 2 throwing nets
Press: ? - help, Q - select action, (/) - cycle Shift-Dir - straight line, f/p - scorpion
Aim: a scorpion (lightly wounded, 60% to hit)
You throw a throwing net.
The throwing net barely misses the scorpion.
You feel sick. The scorpion stings you.
You are lethally poisoned!
The scorpion poisons you!
* * * LOW HITPOINT WARNING * * *
You feel very sick.
* * * LOW HITPOINT WARNING * * *
You feel very sick.
* * * LOW HITPOINT WARNING * * *
You feel very sick. The scorpion stings you.
You die...

###############
#.............#
#######....#..#####.#
..............#####.#######
.##.......................#
.##...#.†.....#####.#####.#
.###. #....#..# #.# .. .
#.......#####.# .#
##.###...s@...# .#######.#
#'######## .........##..
##########... ##.## #....
#...####(..(. .......+.....
#...####.(... ##.##


You could see a scorpion.

Vanquished Creatures
  An adder (D:2)
  2 endoplasms (D:2)
  4 giant cockroaches
  2 goblins (D:1)
  3 hobgoblins
  2 jackals (D:2)
  2 kobolds (D:1)
  A quokka (D:1)
  5 ball pythons
  3 bats
  A rat (D:1)
26 creatures vanquished.

Notes
Turn   | Place    | Note
-------+----------+-------------------------------------------
     0 | D:1      | chmiii the Merfolk Gladiator began the quest for the Orb.
     0 | D:1      | Reached XP level 1. HP: 16/16 MP: 1/1
   174 | D:1      | Reached XP level 2. HP: 23/23 MP: 2/2
   288 | D:1      | Reached skill level 5 in Polearms
   535 | D:2      | Reached XP level 3. HP: 28/28 MP: 3/3
   747 | D:2      | Noticed a scorpion
   758 | D:2      | HP: 1/28 [poisoned by a scorpion]
   758 | D:2      | Slain by a scorpion

Illustrated notes

Levels and vault maps discovered:
D:1:      psy_arrival_terrarium, layout_rooms, kennysheep_crisscross
D:2:      layout_loops_corners, hellmonk_ecumenical_altar_pennies_from_heaven,
          serial_shops, nicolae_shop_waterfront, basic_altar, uniq_natasha,
          uniq_sigmund, uniq_terence

Skill      XL: |  1  2 |
---------------+-------+-----
Polearms       | 5 |  5.5
Fighting       | |  2.8
Throwing       | |  2.0
Dodging        | |  4.5

Action                   || total
-------------------------++-------
Melee: Trident           ||    18
 Fire: Hunting sling     ||    53
Throw: Throwing net      ||     2
 Stab: Sleeping          ||     1
Armor: Leather armour    ||     4
Dodge: Dodged            ||    16
